 Dungeon Crawl Stone Soup version 0.29.0-3-gbb0933ed62 (webtiles) character file.

Game seed: 13597736959400674797

28 Esekla the Slasher (level 3, -1/42 HPs)
             Began as a Meteoran Wanderer on Aug 26, 2022.
             Slain by a jackal (2 damage)
             ... on level 3 of the Dungeon.
             The game lasted 00:03:25 (242 turns).

Esekla the Slasher (Meteoran Wanderer)               Turns: 242, Time: 00:03:26

Health: -1/42      AC: 21    Str: 11    XL:     3   Next: 47%
Magic:  8/8        EV:  2    Int: 17    God:
Gold:   0          SH:  0    Dex: 14    Spells: 6/7 levels left

rFire   . . .      SeeInvis .   a - +2 falchion
rCold   . . .      Faith    .   (no shield)
rNeg    . . .      Spirit   .   (body armour currently unavailable)
rPois   +          Reflect  .   (helmet currently unavailable)
rElec   .          Harm     .   (cloak currently unavailable)
rCorr   .          Rampage  .   (gloves currently unavailable)
Will    .....      NoTele   +   (boots currently unavailable)
Stlth   +.........              (no amulet)
HPRegen 0.14/turn               (no ring)
MPRegen 0.11/turn               (no ring)

@: tree-form, glowing
A: stationary, stasis, torment immunity, boosted hp, sense surroundings 1,
otherworldly, glowing, explore regen
a: no special abilities


You were on level 3 of the Dungeon.
You were a tree.
You visited 1 branch of the dungeon, and saw 3 of its levels.

Inventory:

Hand Weapons
 a - a +2 falchion (weapon)
 d - a +3 spear
Armour
 b - a +0 scale mail (melded)


   Skills:
 * Level 1.2 Fighting
 + Level 5.3 Long Blades
 + Level 3.9 Armour
 + Level 0.3 Dodging
 + Level 2.9 Spellcasting
 + Level 1.2 Hexes


You had 6 spell levels left.
You knew the following spells:

 Your Spells              Type           Power      Damage    Failure   Level
a - Slow                  Hex            24%        N/A       11%         1

Your spell library contained the following spells:

 Spells                   Type           Power      Damage    Failure   Level
 Dazzling Flash           Conj/Hex       8%         N/A       38%         3


Dungeon Overview and Level Annotations

Branches:
Dungeon (3/15) Zot: 1555

Altars:


Innate Abilities, Weirdness & Mutations

You are a tree.
Your roots penetrate the ground, keeping you stationary.
You cannot be teleported.
You are immune to unholy pain and torment.
Your maximum health is greatly increased.
Your equipment is partially melded.
You passively map a small area around you.
You are easily found by Zot.
You glow in the dark.
You regain HP and MP as you explore.


Message History

The jackal bites you but does no damage. x2
The black bear completely misses you.
The black bear claws you but does no damage. x2
The rat bites you but does no damage.
You barely miss the black bear.
The black bear is heavily wounded.
The jackal bites you.
* * * LOW HITPOINT WARNING * * *
The jackal bites you but does no damage. x2
The rat bites you but does no damage.
The black bear bites you but does no damage.
The black bear claws you but does no damage. x2
The jackal bites you.
* * * LOW HITPOINT WARNING * * *
You closely miss the black bear.
The black bear is heavily wounded.
The jackal bites you but does no damage. x2
The black bear bites you but does no damage.
The black bear claws you but does no damage. x2
The rat bites you but does no damage.
You hit the black bear.
The black bear is severely wounded.
The jackal bites you but does no damage. x2
The black bear goes berserk!
The rat bites you but does no damage.
The jackal bites you but does no damage. x2
You hit the black bear.
The black bear is severely wounded.
The black bear bites you but does no damage.
The black bear claws you but does no damage. x2
The jackal barely misses you.
The jackal bites you but does no damage.
The rat bites you but does no damage.
You hit the black bear.
The black bear is almost dead.
The black bear bites you but does no damage.
The black bear claws you.
* * * LOW HITPOINT WARNING * * *
The black bear claws you but does no damage.
The jackal bites you.
You die...

, * , *, , * ,, , , , , , , * , ,
,, * , , ,** , ,* , , ** *
.#+####+####+## ,,
.......†h.....## ..# ####.
*.........♣hw.....### ..#
.....##.........hr........#*#..#
..........#+####+####'###.#*...##
........#.# ,*, ,#..#.#.##.....
..........#, #..#..hw......
..........#* , ####..........
......[...# , ,, , * #..........
......<.# , ###..##....
....^...##### * ######.##*#...


You could see a black bear (berserk), a dart slug, 2 jackals and a rat.

Vanquished Creatures
  An adder (D:3)
  A dart slug (D:2)
  2 ball pythons
  2 bats
  An endoplasm (D:2)
  A giant cockroach (D:2)
  A goblin (D:2)
  A hobgoblin (D:2)
  A jackal (D:3)
  2 quokkas (D:3)
  2 rats (D:1)
15 creatures vanquished.

Notes
Turn   | Place    | Note
-------+----------+-------------------------------------------
     0 | D:1      | Esekla the Meteoran Wanderer began the quest for the Orb.
     0 | D:1      | Esekla set off with the following items: a +2 falchion, a
                  | +0 scale mail; and the following spell memorised: Slow; and
                  | the following spells available to memorise: Dazzling Flash.
     0 | D:1      | Reached XP level 1. HP: 14/14 MP: 5/5
    99 | D:2      | Reached skill level 5 in Long Blades
    99 | D:2      | Reached XP level 2. HP: 22/22 MP: 6/6
   108 | D:2      | Reached skill level 1 in Fighting
   147 | D:3      | Noticed a black bear
   164 | D:3      | Reached XP level 3. HP: 17/28 MP: 8/8
   238 | D:3      | HP: 2/42 [jackal (2)]
   242 | D:3      | Slain by a jackal

Illustrated notes

Levels and vault maps discovered:
D:1:      ncdulo_lavacross, layout_loops_ring, ebering_ecumenical_altar_mist,
          serial_shops, nicolae_shop_waterfront
D:2:      layout_basic, minmay_diced_spiral
D:3:      layout_rooms, nicolae_tso_swordbearing_angel,
          nemelex_spade_bored_becter, amcnicky_altar_gilded,
          minmay_snake_closets

Skill      XL: |  1  2 |
---------------+-------+-----
Long Blades    | 5 |  5.3
Fighting       | 1 |  1.2
Armour         | |  3.9
Dodging        | |  0.3
Spellcasting   | |  2.9
Hexes          | |  1.2

Action                   || total
-------------------------++-------
Melee: Falchion          ||    70
  Use: Potion            ||     1
Armor: Scale mail        ||    73
       Skin              ||   129
Dodge: Dodged            ||    48
